 Dungeon Crawl Stone Soup version 0.20-a0-501-g0de2c2e (webtiles) character file.

6257 dondy the Summoner (level 10, -2/48 HPs)
             Began as a Tengu Summoner on Jan 19, 2017.
             Was a Priest of Hepliaklqana.
             Slain by a minotaur (5 damage)
             ... in a labyrinth.
             The game lasted 01:20:29 (12907 turns).

dondy the Summoner (Tengu Summoner)                Turns: 12907, Time: 01:20:30

Health: -2/48      AC:  2    Str:  9    XL:     10   Next: 93%
Magic:  22/40      EV: 13    Int: 19    God:    Hepliaklqana [***...]
Gold:   545        SH:  0    Dex: 14    Spells: 11/29 levels left

rFire    . . .     SeeInvis .   M - staff of power
rCold    . . .     Gourm    .   P - +0 robe {MR+}
rNeg     + . .     Faith    .   (no shield)
rPois    .         Spirit   .   (helmet restricted)
rElec    .         Reflect  .   (no cloak)
rCorr    +         Harm     .   (no gloves)
MR       +....                  (boots unavailable)
Stlth    ++........             p - amulet of magic regeneration
Regen    0.2/turn               b - ring of positive energy
                                w - ring of resist corrosion

@: very slightly contaminated
A: reduced essence, beak, talons 3, able to fly 1
a: Fly, Recall Ancestor, Ancestor Identity, Transference, Renounce Religion


You were in a labyrinth.
You worshipped Hepliaklqana.
Hepliaklqana was most pleased with you.
You were very hungry.

You visited 2 branches of the dungeon, and saw 12 of its levels.
You also visited: Labyrinth and Ossuary.

You collected 545 gold pieces.

Inventory:

Hand Weapons
 H - a +1 trident of venom
 U - the +4 falchion "Irereb" {freeze, Stlth+}
   (You found it on level 8 of the Dungeon)

   It has been specially enchanted to freeze those struck by it, causing extra
   injury to most foes and up to half again as much damage against particularly
   susceptible opponents.
   It can also slow down cold-blooded creatures.
   It makes you more stealthy.
Missiles
 J - 2 needles of frenzy
 O - 4 curare-tipped needles
Armour
 g - the +4 chain mail "Fiut" {MR++, unknown}
   (You found it on level 9 of the Dungeon)

   It affects your resistance to hostile enchantments.
 z - a +1 robe of positive energy
 A - a +0 ring mail
 C - a +0 shield
 P - a +0 robe of magic resistance (worn)
Magical Staves
 M - an uncursed staff of power (weapon)
Jewellery
 b - a ring of positive energy (right hand)
 p - an amulet of magic regeneration (around neck)
 w - a ring of resist corrosion (left hand)
Wands
 r - a wand of lightning (9/15)
 v - a wand of digging (2/24)
 E - a wand of polymorph (12/24)
 G - a wand of paralysis (15/24)
 I - a wand of random effects (14/48)
 R - a wand of digging (12/24)
 T - a wand of flame (31/48)
 W - a wand of scattershot (3/9)
Scrolls
 e - 4 scrolls of teleportation
 i - 2 scrolls of blinking
 m - 2 scrolls of fear
 n - 5 scrolls of remove curse
 o - 3 scrolls of amnesia
 s - 3 scrolls of immolation
 x - 3 scrolls of enchant armour
 y - a scroll of enchant weapon
 L - a scroll of recharging {unknown}
 N - a scroll of fog {unknown}
 Q - a scroll of random uselessness {unknown}
 X - a scroll of silence {unknown}
Potions
 a - a potion of lignification
 d - 4 potions of agility
 f - a potion of magic
 j - a potion of heal wounds
 k - 2 potions of cancellation
 l - 5 potions of mutation
 q - 7 potions of curing
 t - a potion of beneficial mutation {unknown}
 D - 2 potions of might
 F - a potion of invisibility {unknown}
 K - a potion of brilliance {unknown}
 S - a potion of berserk rage {unknown}
Books
 B - a book of Necromancy

   Spells                             Type                      Level
   a - Pain                           Necromancy                   1
   b - Animate Skeleton               Necromancy                   1
   c - Vampiric Draining              Necromancy                   3
   d - Regeneration                   Charms/Necromancy            3
   e - Animate Dead                   Necromancy                   4
   f - Control Undead                 Necromancy                   4
Comestibles
 c - 8 bread rations
 h - 5 beef jerkies
 u - 4 meat rations
 V - 4 fruits


   Skills:
 + Level 2.6 Fighting
 + Level 1.3 Staves
 + Level 3.5 Dodging
 - Level 2.0 Stealth
 - Level 10.0 Spellcasting
 + Level 11.0 Summonings
 - Level 4.4 Necromancy
 - Level 3.4 Ice Magic
 - Level 4.0 Air Magic
 * Level 3.2 Invocations


You had 11 spell levels left.
You knew the following spells:

 Your Spells              Type           Power        Failure   Level  Hunger
a - Summon Small Mammal   Summ           ####         1%          1    None
b - Call Imp              Summ           ######..     1%          2    None
c - Call Canine Familiar  Summ           ######..     1%          3    None
d - Summon Guardian Gole  Hex/Summ       ####....     1%          3    None
e - Summon Lightning Spi  Summ/Air       #####...     3%          4    ##.....
f - Summon Ice Beast      Ice/Summ       #####...     4%          4    ##.....
g - Animate Skeleton      Necr           N/A          1%          1    None


Dungeon Overview and Level Annotations

Branches:
Dungeon (11/15)            Temple (1/1) D:5            Lair (0/6) D:8
    Orc: D:9-12

Altars:
Ashenzari
Cheibriados
Dithmenos
Elyvilon
Fedhas
Gozag
Hepliaklqana
Kikubaaqudgha
Makhleb
Nemelex Xobeh
Okawaru
Qazlal
Ru
Sif Muna
Trog
Uskayaw
Vehumet
Xom
Yredelemnul
Zin
The Shining One

Shops:
D:4 [   D:7 =


Innate Abilities, Weirdness & Mutations

You have a beak for a mouth.
You have claws for feet.
You can fly.
Your life essence is reduced. (-10% HP)


Message History

Your wolf barely misses the minotaur.
The minotaur furiously retaliates!
The minotaur headbutts your wolf! The minotaur hits your wolf!!
Your wolf dies!
Your wolf's corpse disappears in a puff of smoke!
Something blocks the minotaur's attack. x2
Casting: Call Canine Familiar
Confirm with . or Enter, or press ? or * to list all spells.
The minotaur hits something!
Something blocks the minotaur's attack.
Sinnashi is recalled.
You swap places.
You swap places.
You swap places.
You swap places.
The minotaur bellows!
You hit the minotaur but do no damage.
The minotaur is heavily wounded.
The minotaur hits you!
* * * LOW HITPOINT WARNING * * *
The minotaur gores you.
You die...

#.# # ..# #
###.#######.#.
. #.........
.#.#
###.#####.# .#
#...#< .# .#.#
#.#####.# .
#hR.#...8.#.#
###.#H### #
#Y@...#
#######


You could see the friendly Sinnashi the knight, a minotaur, a friendly ice beast
and a friendly wolf.

Vanquished Creatures
  A phantom (D:5)
  A sky beast (D:7)
  A hound (D:5)
  A jelly (D:7)
  An orc wizard (D:6)
  2 big kobold zombies (Ossuary)
  2 orcs (D:7)
  A goblin (D:1)
  A goblin zombie (Ossuary)
  An orc zombie (Ossuary)
  A rat simulacrum (Ossuary)
  A spectral rat (Ossuary)
14 creatures vanquished.

Vanquished Creatures (collateral kills)
  3 two-headed ogres
  3 death yaks (D:8)
  A gargoyle (Lab)
  A troll (D:9)
  A hippogriff (D:11)
  A hornet (D:8)
  The ghost of Potsanchik the Stinger, an amateur FoVM (D:4)
  A wraith (D:7)
  4 yaks (D:10)
  A steam dragon (D:11)
  A porcupine (D:8)
  2 water moccasins
  2 orc warriors
  3 sky beasts
  4 ice beasts
  4 ogres
  A black bear (D:7)
  2 centaurs (D:10)
  A big kobold (D:7)
  4 bullfrogs
  An earth elemental (Lab)
  4 scorpions
  3 killer bees (D:9)
  2 howler monkeys
  4 crimson imps
  A quasit (D:8)
  A centaur zombie (D:8)
  3 jellies
  3 bullfrog skeletons
  2 orc wizards
  2 centaur skeletons
  A gnoll shaman (D:4)
  3 orc priests
  2 iguanas
  10 worker ants
  6 big kobold zombies (Ossuary)
  3 hound skeletons
  A mummy (Ossuary)
  Robin (D:3)
  8 gnolls
  A river rat (D:8)
  11 adders
  4 shadow imps
  3 oozes
  5 adder skeletons
  An adder zombie (D:5)
  3 worms
  A dart slug (D:2)
  3 leopard geckos
  23 orcs
  2 spectral bats (Ossuary)
  3 ball pythons
  7 bats
  6 giant cockroaches
  4 gnoll zombies (Ossuary)
  7 goblins
  8 hobgoblins
  18 kobolds
  3 quokkas (D:8)
  2 bat simulacra (Ossuary)
  4 frilled lizards
  5 goblin simulacra (Ossuary)
  4 goblin zombies (Ossuary)
  3 hobgoblin zombies (Ossuary)
  A jackal zombie (D:8)
  3 kobold simulacra (Ossuary)
  4 kobold zombies (Ossuary)
  4 orc zombies (Ossuary)
  A quokka skeleton (D:5)
  7 rats
  4 spectral goblins (Ossuary)
  A spectral kobold (Ossuary)
258 creatures vanquished.

Vanquished Creatures (others)
  Sigmund (D:5)
  A gnoll sergeant (D:6)
  A knight (D:8)
  5 ancestors
  An orc zombie (Ossuary)
  A rat simulacrum (Ossuary)
10 creatures vanquished.

Grand Total: 282 creatures vanquished

Notes
Turn   | Place    | Note
-------+----------+-------------------------------------------
     0 | D:1      | dondy the Tengu Summoner began the quest for the Orb.
     0 | D:1      | Reached XP level 1. HP: 10/10 MP: 4/4
    82 | D:1      | Reached skill level 5 in Summonings
   221 | D:1      | Reached XP level 2. HP: 9/15 MP: 1/6
   862 | D:1      | Learned a level 2 spell: Call Imp
  1315 | D:2      | Reached XP level 3. HP: 19/19 MP: 3/7
  1323 | D:2      | Found a bloodstained altar of Trog.
  1698 | D:2      | Learned a level 3 spell: Call Canine Familiar
  1717 | D:3      | Found an iron altar of Okawaru.
  1826 | D:3      | Reached XP level 4. HP: 15/24 MP: 6/9
  1933 | D:3      | Found a white marble altar of Elyvilon.
  2099 | D:3      | Noticed Robin
  2161 | D:3      | Killed Robin
  2281 | D:3      | Found a blossoming altar of Fedhas.
  2543 | D:4      | Noticed an ogre
  2784 | D:4      | Noticed Potsanchik's ghost (amateur FoVM)
  2789 | D:4      | Reached skill level 6 in Summonings
  2809 | D:4      | Killed Potsanchik's ghost
  2809 | D:4      | Gained mutation: You can fly. [Tengu growth]
  2809 | D:4      | Reached XP level 5. HP: 22/28 MP: 6/11
  2974 | D:4      | Found a sparkling altar of Nemelex Xobeh.
  3046 | D:4      | Reached XP level 6. HP: 32/32 MP: 13/13
  3052 | D:4      | Learned a level 4 spell: Summon Lightning Spire
  3076 | D:4      | Reached skill level 1 in Air Magic
  3148 | D:4      | Reached skill level 7 in Summonings
  3160 | D:4      | Learned a level 3 spell: Summon Guardian Golem
  3272 | D:4      | Found a stormy altar of Qazlal.
  3314 | D:4      | Found Zurhum's Antique Armour Shop.
  3340 | D:5      | Entered Level 5 of the Dungeon
  3428 | D:5      | Noticed an ice beast
  3451 | D:5      | Killed an ice beast
  3465 | D:5      | Noticed a water moccasin
  3517 | D:5      | Killed a water moccasin
  3517 | D:5      | Reached XP level 7. HP: 26/36 MP: 13/15
  3780 | D:5      | Reached skill level 5 in Spellcasting
  3809 | D:5      | Found an opulent altar of Gozag.
  4022 | D:5      | Noticed Sigmund
  4084 | D:5      | Killed Sigmund
  4472 | D:5      | Reached skill level 8 in Summonings
  4586 | D:5      | Found a staircase to the Ecumenical Temple.
  4590 | Temple   | Entered the Ecumenical Temple
  4796 | Temple   | Became a worshipper of Hepliaklqana the Forgotten
  5216 | D:6      | Reached XP level 8. HP: 36/36 MP: 17/17
  5484 | D:6      | Learned a level 4 spell: Summon Ice Beast
  5486 | D:6      | Learned a level 1 spell: Animate Skeleton
  5565 | D:6      | Reached skill level 9 in Summonings
  5717 | D:6      | Found a basalt altar of Yredelemnul.
  5816 | D:7      | Reached * piety under Hepliaklqana
  5864 | D:7      | Noticed a wraith
  5887 | D:7      | Killed a wraith
  6064 | D:7      | Found a sacrificial altar of Ru.
  6160 | D:7      | Reached skill level 1 in Fighting
  6320 | D:7      | Found Ahoom's Jewellery Emporium.
  6335 | D:7      | Found a sand-covered staircase.
  6345 | Ossuary  | Entered an ossuary
  6795 | Ossuary  | Reached XP level 9. HP: 41/42 MP: 20/20
  7162 | D:7      | Reached skill level 10 in Summonings
  7443 | D:7      | Reached skill level 1 in Necromancy
  7779 | D:8      | Reached ** piety under Hepliaklqana
  7780 | D:8      | Remembered your ancestor Sinnashi as a knight
  7874 | D:8      | Noticed a hornet
  7891 | D:8      | Killed a hornet
  7891 | D:8      | Reached skill level 1 in Ice Magic
  7896 | D:8      | Noticed a death yak
  7903 | D:8      | Noticed a death yak
  7904 | D:8      | Noticed a death yak
  7926 | D:8      | Killed a death yak
  7954 | D:8      | Killed a death yak
  7968 | D:8      | Killed a death yak
  8042 | D:8      | Noticed a two-headed ogre
  8056 | D:8      | Killed a two-headed ogre
  8056 | D:8      | Reached skill level 1 in Staves
  8056 | D:8      | Reached XP level 10. HP: 48/48 MP: 24/24
  8138 | D:8      | Found a staircase to the Lair.
  8394 | D:8      | Got a faintly glowing falchion
  8789 | D:9      | Got a shimmering chain mail
  8985 | D:9      | Identified the +4 falchion "Irereb" {freeze, Stlth+} (You found it on level 8 of the Dungeon)
  9045 | D:10     | Entered Level 10 of the Dungeon
  9048 | D:10     | Reached *** piety under Hepliaklqana
  9093 | D:10     | Noticed a two-headed ogre
  9099 | D:10     | Killed a two-headed ogre
  9099 | D:10     | Reached skill level 1 in Invocations
  9269 | D:10     | Noticed a two-headed ogre
  9280 | D:10     | Killed a two-headed ogre
  9473 | D:10     | Reached skill level 10 in Spellcasting
  9949 | D:11     | Found a labyrinth entrance.
  9958 | Lab      | Entered a labyrinth
 10865 | Lab      | Noticed a gargoyle
 10873 | Lab      | Killed a gargoyle
 10873 | Lab      | Reached skill level 11 in Summonings
 12865 | Lab      | Noticed a minotaur
 12907 | Lab      | Slain by a minotaur

Vault maps used:
D:1:      dpeg_arrival_lava_temple_mockup
D:2:      old_standard_altar, kennysheep_generic_room_7
D:3:      elyvilon_altar_5, okawaru_trees_1, minmay_misc_feat_hallway,
          fedhas_altar_4, uniq_robin
D:4:      nemelex_xobeh_ov_fountains_minmay, serial_shops, shop, first_bread,
          nicolae_qazlal_eye_of_the_storm
D:5:      grunt_gozag_breadcrumbs, hangedman_decor_growths, uniq_sigmund
D:6:      lemuel_coloured_pillars_altar, grunt_ministairs_10
D:7:      nicolae_ru_the_path_less_chosen, serial_shops, shop,
          nicolae_ossuary_entry_monument
D:8:      dpeg_lair_monsters
D:11:     lemuel_ice_spiral_2, lab_entry_generic, the_bakery
Temple:   minmay_temple_curvy_branch
Lab:      nicolae_lab_checkerboard
Ossuary:  ossuary_zaba_two_paths

Skill      XL: |  1  2  3  4  5  6  7  8  9 10 |
---------------+-------------------------------+-----
Summonings     | 5 6 7 8 9 10 11 | 11.0
Spellcasting   | 3 4 5 7 9 10 | 10.0
Air Magic      | 2 3 4 |  4.0
Fighting       | 1 2 |  2.6
Necromancy     | 4 |  4.4
Ice Magic      | 3 |  3.4
Staves         | 1 |  1.3
Invocations    | 3 |  3.2
Dodging        | 3 |  3.5
Stealth        | |  2.0

Action                   |  1- 3 |  4- 6 |  7- 9 | 10-12 || total
-------------------------+-------+-------+-------+-------++-------
Melee: Unarmed           |     8 |       |       |       ||     8
       Kick              |     2 |     2 |    10 |       ||    14
       Dagger            |       |     3 |    13 |       ||    16
       Trident           |       |       |    59 |       ||    59
       Peck              |       |       |     5 |       ||     5
       Staff             |       |       |     6 |     1 ||     7
 Cast: Summon Small Mamm |    47 |     4 |       |       ||    51
       Call Imp          |    15 |    19 |    34 |     1 ||    69
       Call Canine Famil |     3 |    15 |    43 |    14 ||    75
       Summon Guardian G |       |     1 |    11 |     1 ||    13
       Summon Lightning  |       |       |     9 |    11 ||    20
       Summon Ice Beast  |       |       |     9 |     6 ||    15
Invok: Recall Ancestor   |       |       |     1 |     7 ||     8
       Ancestor Life: Kn |       |       |     1 |       ||     1
Evoke: Wand              |       |       |       |     3 ||     3
  Use: Scroll            |       |     8 |     7 |     6 ||    21
       Potion            |       |     2 |       |     2 ||     4
 Stab: Distracted        |       |       |     3 |       ||     3
  Eat: Chunk             |     5 |     7 |    12 |     7 ||    31
       Fruit             |       |       |     2 |     5 ||     7
       Royal jelly       |       |       |     1 |       ||     1
       Pizza             |       |       |     1 |     2 ||     3
       Beef jerky        |       |       |     1 |       ||     1
Armor: Robe              |     7 |     2 |     8 |     1 ||    18
Dodge: Dodged            |    29 |    21 |    30 |    10 ||    90
